 Dungeon Crawl Stone Soup version 0.28-a0-804-g60983d4ba9 (webtiles) character file.

Game seed: 2744296936484745004

42 bande the Covered (level 3, -3/24 HPs)
             Began as a Gargoyle Fighter on Nov 7, 2021.
             Slain by Sigmund (10 damage)
             ... on level 2 of the Dungeon.
             The game lasted 00:01:25 (975 turns).

bande the Covered (Gargoyle Fighter)                 Turns: 975, Time: 00:01:25

Health: -3/24      AC: 12    Str: 20    XL:     3   Next: 56%
Magic:  3/3        EV:  7    Int:  8    God:
Gold:   64         SH:  4    Dex:  9    Spells: 2/2 levels left

rFire   . . .      SeeInvis .   a - +1 war axe
rCold   . . .      Faith    .   c - +0 buckler
rNeg    + . .      Spirit   .   h - +0 chain mail
rPois   ∞          Reflect  .   (no helmet)
rElec   +          Harm     .   (no cloak)
rCorr   .          Rampage  .   (no gloves)
Will    .....                   (no boots)
Stlth   ..........              (no amulet)
HPRegen 0.08/turn               (no ring)
MPRegen 0.08/turn               (no ring)

@: no status effects
A: sickness immunity, AC +3, negative energy resistance 1, electricity
resistance, torment resistance 1, petrification resistance
a: no special abilities


You were on level 2 of the Dungeon.
You visited 1 branch of the dungeon, and saw 2 of its levels.

You collected 64 gold pieces.

Inventory:

Hand Weapons
 a - a +1 war axe (weapon)
Armour
 c - a +0 buckler (worn)
 h - a +0 chain mail (worn)
Potions
 b - a potion of degeneration {unknown}
 d - a potion of might
 e - a potion of brilliance {unknown}


   Skills:
 + Level 3.7 Fighting
 + Level 2.4 Axes
 + Level 3.7 Armour
 + Level 3.6 Shields


You had 2 spell levels left.
You didn't know any spells.
Your spell library was empty.

Dungeon Overview and Level Annotations

Branches:
Dungeon (2/15)

Altars:

Annotations:
D:2 Sigmund


Innate Abilities, Weirdness & Mutations

You are immune to sickness and miasma.
Your stone body is resilient. (AC +3)
You are immune to poison.
You resist negative energy. (rN+)
You are resistant to electric shocks. (rElec)
You are resistant to unholy torment.
You are immune to petrification.


Message History

The ball python barely misses you. The ball python constricts you.
Sigmund points at you and mumbles some strange words.
The magic dart hits you but does no damage.
You closely miss the ball python. You hit Sigmund but do no damage.
The ball python bites you but does no damage.
The ball python constricts you. The ball python barely misses you.
The ball python constricts you. Sigmund gestures at you while chanting.
The magic dart hits you but does no damage.
You closely miss the ball python. You barely miss Sigmund.
The ball python bites you but does no damage.
The ball python constricts you. Sigmund hits you with a +0 scythe.
The ball python bites you but does no damage.
The ball python constricts you.
You hit the ball python.
You kill the ball python!
You hit Sigmund but do no damage. Sigmund barely misses you.
You slash Sigmund!
Sigmund is heavily wounded.
Sigmund hits you with a +0 scythe.
You hit Sigmund but do no damage.
Sigmund is heavily wounded.
Sigmund hits you with a +0 scythe.
You are too injured to fight recklessly!
You are too injured to fight recklessly!
You are too injured to fight recklessly!
You are too injured to fight recklessly!
You are too injured to fight recklessly!
You barely miss Sigmund.
Sigmund is heavily wounded.
Sigmund hits you with a +0 scythe.
* * * LOW HITPOINT WARNING * * *
You barely miss Sigmund.
Sigmund is heavily wounded.
A bat comes into view.
Sigmund hits you but does no damage.
You closely miss Sigmund.
Sigmund is heavily wounded.
Sigmund hits you with a +0 scythe!
You die...

#...##.# #...####
#.####.# #....... #.#
#.######.÷.#####.
#.####........÷.......
#............<........
#..####...............
#..# #..#####..b#####.
#... #≈≈≈≈≈##........
##.#.#≈###≈..@#....#.
..#.#≈≈≈≈≈.#@†.#..#
#.. .≈≈#≈≈.....#)..#
#.# .≈ #≈≈##........
#≈≈ .##.#.... ≈≈ .
.#.... ### . .. ... ..
.#. ##


You could see Sigmund and a bat.

Vanquished Creatures
  An adder (D:2)
  3 dart slugs (D:1)
  An endoplasm (D:1)
  2 giant cockroaches
  5 goblins
  4 hobgoblins
  2 quokkas
  A ball python (D:2)
  A frilled lizard (D:2)
  2 kobolds (D:1)
  3 rats (D:1)
25 creatures vanquished.

Notes
Turn   | Place    | Note
-------+----------+-------------------------------------------
     0 | D:1      | bande the Gargoyle Fighter began the quest for the Orb.
     0 | D:1      | Reached XP level 1. HP: 14/14 MP: 1/1
   182 | D:1      | Reached XP level 2. HP: 19/19 MP: 2/2
   341 | D:1      | Found a faded altar of an unknown god.
   509 | D:1      | Reached XP level 3. HP: 23/23 MP: 3/3
   960 | D:2      | Noticed Sigmund
   975 | D:2      | Slain by Sigmund

Illustrated notes

Levels and vault maps discovered:
D:1:      wander_arrival_chamber, layout_rooms,
          hellmonk_ecumenical_altar_heavens_door
D:2:      layout_loops_cross, minmay_misc_feat_chi,
          corexii_item_surrounded_by_moat, minmay_crystal_water,
          kennysheep_flooded_box, uniq_sigmund

Skill      XL: |  1  2 |
---------------+-------+-----
Axes           | 2 |  2.4
Fighting       | |  3.7
Armour         | |  3.7
Shields        | |  3.6

Action                   || total
-------------------------++-------
Melee: War axe           ||    90
  Use: Scroll            ||     2
Armor: Scale mail        ||    25
       Chain mail        ||    31
Dodge: Dodged            ||    36
Block: Buckler           ||    11

Table legend: (Time is in decaauts)
 A = Elapsed time spent in this place.
 B = Non-inter-level travel time spent in this place.
 C = Inter-level travel time spent in this place.
 D = Time resting spent in this place.
 E = Time spent auto-exploring this place.
 F = Levels seen in this place.
 G = Mean time per level.
                   A        B        C        D        E       F      G
               +--------+--------+--------+--------+--------+-----+--------+
         Total |   1010 |   1010 |      0 |      0 |    785 |   2 |  505.0 |
       Dungeon |   1010 |   1010 |      0 |      0 |    785 |   2 |  505.0 |
               +--------+--------+--------+--------+--------+-----+--------+

Top non-repeatable levels by time:
     D:1: 684 daAuts
     D:2: 326 daAuts
